 Dungeon Crawl Stone Soup version 0.23.2-33-g5129a83184 (webtiles) character file.

Game seed: 15546235979756622906

57184 dvd the Thaumaturge (level 14, -2/83 HPs)
             Began as an Octopode Fire Elementalist on June 26, 2019.
             Was a High Priest of Vehumet.
             Slain by a freezing wraith (22 damage)
             ... on level 12 of the Dungeon.
             The game lasted 01:43:19 (23600 turns).

dvd the Thaumaturge (Octopode Fire Elementalist)   Turns: 23600, Time: 01:43:20

Health: -2/83      AC:  5    Str: 10    XL:     14   Next: 85%
Magic:  6/40       EV: 18    Int: 28    God:    Vehumet [*****.]
Gold:   1105       SH:  5    Dex: 13    Spells: 2/39 levels left

rFire    + + .     SeeInvis .   W - +9 whip of Xoefiv {venom, rF+ Str+2 Int+2 Stlth+}
rCold    x . .     Gourm    .   H - +0 buckler
rNeg     . . .     Faith    .   z - +2 hat
rPois    .         Spirit   .   v - amulet of regeneration
rElec    .         Reflect  .   y - +2 ring of protection
rCorr    .         Harm     .   o - ring of fire
MR       ++...     Rnd*Rage +   f - ring of protection from magic
Stlth    +++++.....             r - ring of magical power
HPRegen  0.63/turn              (no ring)
MPRegen  0.27/turn              (no ring)
                                (no ring)
                                (no ring)

@: brilliant, deflect missiles
A: almost no armour, stealthy swim, amphibious, 8 rings, constrict 8, tentacle
spike 1, repulsion field 1, camouflage 1, berserk 1, screaming 1, gelatinous
body 1
a: Renounce Religion


You were on level 12 of the Dungeon.
You worshipped Vehumet.
Vehumet was extremely pleased with you.
You were not hungry.

You visited 3 branches of the dungeon, and saw 20 of its levels.
You also visited: Sewer and Ossuary.

You collected 1816 gold pieces.
You spent 711 gold pieces at shops.

Inventory:

Hand Weapons
 a - a +4 short sword of protection
 n - a +2 dagger of holy wrath
 q - a +1 short sword of electrocution
 t - a +2 flail of holy wrath
 A - a +3 dagger of venom
 G - a +0 trident of protection
 K - a +0 war axe of electrocution
 L - a +5 falchion
 M - a +3 dagger of chaos
 W - the +9 whip of Xoefiv (weapon) {venom, rF+ Str+2 Int+2 Stlth+}
   (You took it off a big kobold on level 11 of the Dungeon)

   It poisons the flesh of those it strikes.
   It affects your strength (+2).
   It affects your intelligence (+2).
   It protects you from fire.
   It makes you more stealthy.
Armour
 z - a +2 hat (worn)
 H - a +0 buckler (worn)
Magical Staves
 F - an uncursed staff of cold
 R - an uncursed staff of summoning
 U - an uncursed staff of energy
Jewellery
 f - a ring of protection from magic (on tentacle)
 k - an uncursed amulet of magic regeneration
 o - a ring of fire (right tentacle)
 r - a ring of magical power (on tentacle)
 v - an amulet of regeneration (around mantle)
 y - a +2 ring of protection (left tentacle)
Wands
 c - a wand of disintegration (19)
 s - a wand of random effects (17)
 u - a wand of polymorph (7)
 I - a wand of digging (4)
 P - a wand of flame (13)
 T - a wand of scattershot (6)
 X - a wand of paralysis (17)
Scrolls
 d - 19 scrolls of identify
 e - 2 scrolls of blinking
 g - 9 scrolls of remove curse
 i - 3 scrolls of teleportation
 C - 2 scrolls of immolation
 N - 2 scrolls of magic mapping
 O - 2 scrolls of fog
 Q - 2 scrolls of enchant armour
 S - a scroll of amnesia
Potions
 h - 4 potions of curing
 j - 3 potions of invisibility
 l - a potion of might
 p - 3 potions of flight
 w - 3 potions of lignification
 x - 4 potions of heal wounds
 B - a potion of agility
 D - a potion of ambrosia
 E - 4 potions of mutation
 J - a potion of brilliance
 V - a potion of magic
Miscellaneous
 m - a lightning rod (4/4)
Comestibles
 b - 25 rations
 Y - 6 chunks of flesh


   Skills:
 + Level 3.3 Fighting
 + Level 5.4 Short Blades
 * Level 1.5 Maces & Flails
 + Level 6.1 Dodging
 + Level 6.6 Stealth
 + Level 4.3 Shields
 + Level 13.0 Spellcasting
 + Level 10.9 Conjurations
 * Level 4.9 Charms
 + Level 0.8 Necromancy
 + Level 2.5 Translocations
 + Level 11.3 Fire Magic
   Level 1.3 Ice Magic
 * Level 5.3 Air Magic
 + Level 7.8 Poison Magic
 + Level 1.5 Evocations


You had 2 spell levels left.
You knew the following spells:

 Your Spells              Type           Power        Failure   Level  Hunger
a - Flame Tongue          Conj/Fire      #####        1%          1    None
b - Throw Flame           Conj/Fire      ######       1%          2    None
c - Conjure Flame         Conj/Fire      #######.     1%          3    None
d - Sticky Flame          Conj/Fire      #######.     1%          4    None
e - Blink                 Tloc           N/A          1%          2    None
f - Fireball              Conj/Fire      #######...   1%          5    ##.....
g - Deflect Missiles      Chrm/Air       ######....   7%          6    ####...
h - Olgreb's Toxic Radia  Pois           ######..     1%          4    None
i - Iskenderun's Mystic   Conj           #######.     1%          4    None
j - Mephitic Cloud        Conj/Pois/Air  ######..     1%          3    None
k - Regeneration          Chrm/Necr      ######....   1%          3    None

Your spell library contained the following spells:

 Spells                   Type           Power        Failure   Level  Hunger
 Irradiate                Conj/Tmut      ######....   1%          5    ##.....
 Animate Skeleton         Necr           N/A          1%          1    None
 Corona                   Hex            #####..      1%          1    None
 Magic Dart               Conj           ####         1%          1    None
 Pain                     Necr           ####         1%          1    None
 Call Imp                 Summ           #####...     1%          2    None
 Corpse Rot               Necr           N/A          1%          2    None
 Ensorcelled Hibernation  Hex/Ice        #####.       1%          2    None
 Shroud of Golubria       Chrm/Tloc      ######....   1%          2    None
 Slow                     Hex            #####...     1%          2    None
 Song of Slaying          Chrm           ######..     1%          2    None
 Swiftness                Chrm/Air       ######..     1%          2    None
 Throw Frost              Conj/Ice       ######       1%          2    None
 Confuse                  Hex            #####...     1%          3    None
 Dazzling Spray           Conj/Hex       ######       1%          3    None
 Inner Flame              Hex/Fire       #######.     1%          3    None
 Stone Arrow              Conj/Erth      ######       1%          3    None
 Tukima's Dance           Hex            #####...     1%          3    None
 Vampiric Draining        Necr           #####.....   1%          3    None
 Animate Dead             Necr           N/A          2%          4    None
 Cause Fear               Hex            #####.....   3%          4    None
 Leda's Liquefaction      Hex/Erth       #####.....   3%          4    None
 Silence                  Hex/Air        ######....   3%          5    ##.....
 Summon Forest            Summ/Tloc      #####.....   5%          5    ##.....
 Yara's Violent Unravell  Hex/Tmut       #####.....   10%         5    ##.....
 Hydra Form               Tmut           #####.....   38%         6    ####...
 Summon Hydra             Summ           #####.....   87%         7    ######.
 Discord                  Hex            #####.....   100%        8    #######


Dungeon Overview and Level Annotations

Branches:
Dungeon (12/15)            Temple (0/1) D:6            Lair (6/6) D:8
  Swamp (0/4) Lair:4       Spider (0/4) Lair:2          Orc (2/2) D:11
    Elf (0/3) Orc:2
  Slime: Lair:5-6

Altars:
Ashenzari
Fedhas
Hepliaklqana
Kikubaaqudgha
Nemelex Xobeh
Okawaru
Trog
Vehumet
The Shining One
Beogh

Shops:
D:9 *:   Orc:1 ?   Orc:2 %*

Annotations:
Lair:6 Snorg


Innate Abilities, Weirdness & Mutations

You cannot wear most types of armour.
You are very stealthy in the water. (Stealth+)
You are amphibious.
You can wear up to eight rings at the same time.
You can use your tentacles to constrict eight enemies at once.
Your skin changes colour to match your surroundings (Stealth+).
Your rubbery body absorbs attacks. (AC +1, EV +1)
One of your tentacles bears a spike.
You are surrounded by a mild repulsion field. (EV +2)
You tend to lose your temper in combat.
You occasionally shout uncontrollably at your foes.


Message History

You whack the centaur warrior!
The centaur warrior looks as sick as possible!
You squeeze the centaur warrior!
The centaur warrior is severely wounded.
The centaur warrior burns!
The centaur warrior hits you but does no damage.
The orc hits you with a +0 hand axe.
You hit the centaur warrior.
The centaur warrior looks as sick as possible!
Your tentacle spike misses the centaur warrior.
You squeeze the centaur warrior.
The centaur warrior is almost dead.
You kill the centaur warrior!
Vehumet accepts your kill.
You feel your power returning. The orc misses you.
An ogre comes into view. It is wielding a +0 giant club.
The freezing wraith hits you!
* * * LOW HITPOINT WARNING * * *
The freezing wraith freezes you!!
You feel a terrible chill!
You die...

#######################
.......................
#...###...(....##....
...#...o.†...#....##..##
O..o..W@))(...)(........
......))................
######################..
#.....#.. #.....#..
#.....#.. ##....'..
#....#.. #....#..


You could see a freezing wraith, an ogre (wandering) and 2 orcs.

Vanquished Creatures
  Gastronok (Lair:3)
  An orc warlord (Orc:2)
  Nessos (Lair:5)
  Josephine (Lair:5)
  Fannar (D:10)
  6 hydras
  A centaur warrior (D:12)
  2 two-headed ogres
  The ghost of funkygono the Destroyer, a journeyman GrCj of Vehumet (D:11)
  The ghost of Paps the Cleaver, a novice DsAK of Lugonu (Lair:1)
  An orc high priest (Orc:2)
  A soul eater (Orc:2)
  Sonja (D:11)
  An unseen horror (D:10)
  3 orc knights (Orc:2)
  A wolf spider zombie (D:12)
  2 orc sorcerers
  An ugly thing (D:11)
  3 oklob plants (Lair:2)
  A cyclops (D:12)
  A rust devil (Orc:2)
  A manticore (D:10)
  A centaur zombie (D:10)
  15 elephants
  A black mamba (Lair:5)
  Joseph (D:7)
  Psyche (D:11)
  A gargoyle (D:11)
  4 kobold demonologists
  12 spiny frogs
  4 komodo dragons
  A hellwing (Orc:2)
  A troll (D:11)
  A hornet (D:11)
  Grinder (D:4)
  13 hippogriffs
  7 dream sheep (Lair:4)
  2 shadows
  4 wraiths (Lair:5)
  A wyvern (Lair:4)
  A human (D:7)
  29 yaks
  A chaos spawn (Orc:2)
  4 hogs (D:7)
  2 hungry ghosts
  6 vampire mosquitoes (Lair:5)
  2 basilisks
  2 insubstantial wisps (Lair:5)
  A soldier ant (D:10)
  15 water moccasins
  12 porcupines
  2 wargs
  3 black bears (D:8)
  3 ice beasts
  32 orc warriors
  3 sky beasts
  7 ogres
  5 wolves
  A centaur (D:7)
  4 phantoms
  9 crocodiles
  10 big kobolds
  14 bullfrogs
  A gnoll sergeant (D:9)
  A wyvern zombie (D:6)
  A water moccasin zombie (D:8)
  3 scorpions
  8 killer bees
  4 wights (D:11)
  10 electric eels
  3 crimson imps
  A quasit (D:8)
  2 hounds
  A human zombie (Ossuary)
  11 orc wizards
  23 orc priests
  4 bullfrog skeletons
  3 centaur skeletons
  3 iguanas
  3 hell rats (Lair:3)
  7 worker ants
  A big kobold zombie (Ossuary)
  4 mummies (Ossuary)
  A worker ant zombie (D:9)
  19 adders
  5 gnolls (D:9)
  2 howler monkey skeletons
  A river rat (D:6)
  3 shadow imps
  9 oozes
  4 worms
  2 dart slugs
  10 leopard geckos
  71 orcs
  15 ball pythons
  12 giant cockroaches
  7 goblins
  6 hobgoblins
  6 jackals
  12 kobolds
  7 quokkas
  8 bats
  12 frilled lizards
  A goblin zombie (Ossuary)
  3 hobgoblin zombies (Ossuary)
  2 kobold zombies (Ossuary)
  A leopard gecko skeleton (D:8)
  A quokka skeleton (D:8)
  14 rats
  A bush (Lair:5)
  5 fungi
  3 plants
609 creatures vanquished.

Vanquished Creatures (collateral kills)
  2 hell rats (Lair:3)
2 creatures vanquished.

Vanquished Creatures (others)
  2 bushes
  20 fungi
  9 plants
31 creatures vanquished.

Grand Total: 642 creatures vanquished

Notes
Turn   | Place    | Note
-------+----------+-------------------------------------------
     0 | D:1      | dvd the Octopode Fire Elementalist began the quest for the
                  | Orb.
     0 | D:1      | Reached XP level 1. HP: 11/11 MP: 3/3
   172 | D:1      | Reached XP level 2. HP: 17/17 MP: 1/5
   219 | D:1      | Learned a level 2 spell: Throw Flame
   843 | D:1      | Reached XP level 3. HP: 21/21 MP: 3/6
  1115 | D:1      | Learned a level 3 spell: Conjure Flame
  1748 | D:2      | Reached XP level 4. HP: 27/27 MP: 2/7
  2590 | D:3      | Found a hazy altar of Hepliaklqana.
  2602 | D:3      | Reached XP level 5. HP: 32/32 MP: 2/9
  2743 | D:3      | Reached skill level 3 in Spellcasting
  3209 | D:3      | Found a sparkling altar of Nemelex Xobeh.
  3325 | D:4      | Noticed a phantom
  3327 | D:4      | Found an ancient bone altar of Kikubaaqudgha.
  3359 | D:4      | Killed a phantom
  3359 | D:4      | Reached skill level 1 in Fighting
  3359 | D:4      | Reached XP level 6. HP: 12/38 MP: 1/11
  3718 | D:4      | Noticed Grinder
  3722 | D:4      | Noticed a phantom
  3733 | D:4      | Reached skill level 1 in Short Blades
  3754 | D:4      | Killed a phantom
  3975 | D:4      | Paralysed by Grinder for 4 turns
  3989 | D:4      | Killed Grinder
  3989 | D:4      | Reached skill level 4 in Spellcasting
  3989 | D:4      | Reached XP level 7. HP: 26/43 MP: 6/13
  4091 | D:4      | Learned a level 4 spell: Sticky Flame
  4319 | D:5      | Entered Level 5 of the Dungeon
  4363 | D:5      | Found an iron altar of Okawaru.
  4442 | D:5      | Reached skill level 5 in Fire Magic
  4506 | D:5      | Reached XP level 8. HP: 31/49 MP: 0/15
  4672 | D:5      | Found a sand-covered staircase.
  4681 | Ossuary  | Entered an ossuary
  5017 | Ossuary  | Gained mutation: You tend to lose your temper in combat.
                  | [potion of mutation]
  5017 | Ossuary  | Gained mutation: You are surrounded by a mild repulsion
                  | field. (EV +2) [potion of mutation]
  5017 | Ossuary  | Gained mutation: You occasionally shout uncontrollably at
                  | your foes. [potion of mutation]
  5017 | Ossuary  | Gained mutation: One of your tentacles bears a spike.
                  | [potion of mutation]
  5167 | D:5      | Reached skill level 5 in Stealth
  5460 | D:6      | Found a shattered altar of Ashenzari.
  5485 | D:6      | Reached skill level 5 in Spellcasting
  5564 | D:6      | Found a radiant altar of Vehumet.
  5572 | D:6      | Became a worshipper of Vehumet
  5784 | D:6      | Found a glowing drain.
  5815 | Sewer    | Entered a sewer
  6142 | Sewer    | Reached * piety under Vehumet
  6142 | Sewer    | Offered knowledge of Magic Dart by Vehumet.
  6147 | Sewer    | Learned a level 1 spell: Magic Dart
  6153 | Sewer    | Learned a level 5 spell: Fireball
  6584 | D:6      | Found a staircase to the Ecumenical Temple.
  6977 | D:7      | Noticed a hippogriff
  6988 | D:7      | Killed a hippogriff
  7048 | D:7      | Reached skill level 5 in Conjurations
  7048 | D:7      | Reached XP level 9. HP: 54/54 MP: 2/17
  7304 | D:7      | Reached skill level 6 in Spellcasting
  7581 | D:7      | Noticed Joseph
  7611 | D:7      | Offered knowledge of Sandblast by Vehumet.
  7614 | D:7      | Reached ** piety under Vehumet
  7623 | D:7      | Killed Joseph
  8268 | D:7      | Reached skill level 7 in Spellcasting
  8284 | D:7      | Reached XP level 10. HP: 46/61 MP: 3/21
  8544 | D:8      | Found a glowing golden altar of the Shining One.
  8772 | D:8      | Found a staircase to the Lair.
  9076 | D:8      | Offered knowledge of Throw Frost by Vehumet.
  9422 | D:8      | Reached skill level 8 in Spellcasting
  9585 | D:8      | HP: 2/61 [something (35)]
  9921 | D:8      | Reached *** piety under Vehumet
 10074 | D:9      | Found a radiant altar of Vehumet.
 10120 | D:9      | Learned a level 2 spell: Throw Frost
 10160 | D:9      | Reached skill level 1 in Ice Magic
 10413 | D:9      | Found Lifadar's Serpentskin Sales.
 10474 | D:9      | Noticed a two-headed ogre
 10476 | D:9      | Found Tavick's Book Shop.
 10490 | D:9      | Killed a two-headed ogre
 10493 | D:9      | Offered knowledge of Olgreb's Toxic Radiance by Vehumet.
 10500 | D:9      | Learned a level 4 spell: Olgreb's Toxic Radiance
 10595 | D:9      | Found a bloodstained altar of Trog.
 10754 | D:9      | Found a bloodstained altar of Trog.
 10944 | D:10     | Entered Level 10 of the Dungeon
 10959 | D:10     | Reached skill level 1 in Poison Magic
 10959 | D:10     | Reached XP level 11. HP: 62/66 MP: 12/23
 11344 | D:10     | Noticed an unseen horror
 11346 | D:10     | Killed an unseen horror
 11346 | D:10     | Reached skill level 9 in Spellcasting
 11485 | D:10     | Noticed a manticore
 11488 | D:10     | Noticed Fannar
 11503 | D:10     | Killed a manticore
 11633 | D:10     | Killed Fannar
 12075 | D:11     | Found a staircase to the Orcish Mines.
 12075 | D:11     | Noticed a two-headed ogre
 12088 | D:11     | Killed a two-headed ogre
 12154 | D:11     | Noticed a cyan ugly thing
 12169 | D:11     | Killed a cyan ugly thing
 12189 | D:11     | Reached **** piety under Vehumet
 12359 | D:11     | Noticed Sonja
 12364 | D:11     | Killed Sonja
 12364 | D:11     | Reached skill level 1 in Evocations
 12367 | D:11     | Reached skill level 1 in Shields
 12430 | D:11     | Offered knowledge of Iskenderun's Mystic Blast by Vehumet.
 12464 | D:11     | Learned a level 4 spell: Iskenderun's Mystic Blast
 12505 | D:11     | Found an ancient bone altar of Kikubaaqudgha.
 12634 | D:11     | Reached skill level 10 in Spellcasting
 12707 | D:11     | Noticed Psyche
 12710 | D:11     | Killed Psyche
 12904 | D:11     | Found a runed translucent gate.
 12905 | D:11     | Found a runed translucent gate.
 12906 | D:11     | Found a runed translucent gate.
 12906 | D:11     | Noticed funkygono's ghost (journeyman GrCj)
 12908 | D:11     | Identified the +9 whip of Xoefiv {venom, rF+ Str+2 Int+2
                  | Stlth+}
 13022 | Lair:1   | Entered Level 1 of the Lair of Beasts
 13067 | Lair:1   | Reached XP level 12. HP: 72/72 MP: 18/26
 13194 | Lair:1   | Reached skill level 5 in Poison Magic
 13330 | Lair:1   | Noticed a four-headed hydra
 13343 | Lair:1   | Killed a four-headed hydra
 13445 | Lair:1   | Learned a level 2 spell: Blink
 13449 | Lair:1   | Learned a level 3 spell: Mephitic Cloud
 13469 | Lair:1   | Found a runed translucent door.
 13472 | Lair:1   | Noticed Paps's ghost (novice DsAK)
 13500 | Lair:1   | Reached skill level 10 in Fire Magic
 13711 | Lair:1   | Found a blossoming altar of Fedhas.
 13832 | Lair:1   | You fall through a shaft!
 13873 | Lair:2   | Reached ***** piety under Vehumet
 13924 | Lair:2   | Noticed a seven-headed hydra
 14365 | Lair:2   | Found a hole to the Spider Nest.
 14510 | Lair:2   | Offered knowledge of Bolt of Magma by Vehumet.
 14695 | Lair:2   | Reached skill level 5 in Short Blades
 14848 | Lair:2   | Killed a seven-headed hydra
 14848 | Lair:2   | Reached skill level 11 in Spellcasting
 15370 | Lair:3   | Noticed an eight-headed hydra
 15601 | D:9      | Bought a book of Necromancy for 420 gold pieces
 15605 | D:9      | Learned a level 3 spell: Regeneration
 15854 | Lair:3   | Noticed Gastronok
 15864 | Lair:3   | Killed Gastronok
 15864 | Lair:3   | Reached XP level 13. HP: 77/77 MP: 15/28
 15907 | Lair:3   | Identified The Foundations of Spellcasting
 16212 | Lair:3   | Reached skill level 10 in Conjurations
 16321 | Lair:3   | Identified a scroll of acquirement
 16406 | Lair:3   | Reached skill level 1 in Air Magic
 16669 | Lair:3   | Reached skill level 1 in Charms
 17411 | Lair:4   | Reached skill level 5 in Dodging
 17504 | Lair:4   | Found a staircase to the Swamp.
 17975 | Lair:5   | Noticed Nessos
 17978 | Lair:5   | Reached skill level 12 in Spellcasting
 18132 | Lair:5   | Killed Nessos
 18318 | Lair:5   | Noticed Josephine
 18324 | Lair:5   | Killed Josephine
 18838 | Lair:5   | Offered knowledge of Throw Icicle by Vehumet.
 18838 | Lair:5   | Reached XP level 14. HP: 83/83 MP: 30/30
 19588 | Lair:6   | Entered Level 6 of the Lair of Beasts
 19661 | Lair:6   | Noticed Snorg
 20090 | Lair:1   | Killed Paps's ghost
 20291 | Orc:1    | Entered Level 1 of the Orcish Mines
 20292 | Orc:1    | Found Riexzimn's Magic Scroll Boutique.
 20385 | Orc:1    | Found a roughly hewn altar of Beogh.
 20482 | Orc:2    | Entered Level 2 of the Orcish Mines
 20493 | Orc:2    | Found a staircase to the Elven Halls.
 21106 | Orc:2    | Found Ibixtaix's General Store.
 21111 | Orc:2    | Found Jeykko's Food Boutique.
 21117 | Orc:2    | Reached skill level 1 in Translocations
 21643 | Orc:2    | Bought a potion of curing for 33 gold pieces
 21643 | Orc:2    | Bought a potion of curing for 33 gold pieces
 21643 | Orc:2    | Bought a scroll of blinking for 82 gold pieces
 21643 | Orc:2    | Bought a potion of heal wounds for 55 gold pieces
 21643 | Orc:2    | Bought a potion of magic for 88 gold pieces
 22100 | Orc:2    | Offered knowledge of Conjure Ball Lightning by Vehumet.
 22353 | Orc:1    | Noticed an orc warlord
 22377 | Orc:2    | Killed an orc warlord
 22377 | Orc:2    | Reached skill level 5 in Air Magic
 22904 | D:11     | Learned a level 6 spell: Deflect Missiles
 23262 | D:11     | Killed funkygono's ghost
 23583 | D:12     | Reached skill level 13 in Spellcasting
 23584 | D:12     | Reached skill level 1 in Maces & Flails
 23590 | D:12     | Offered knowledge of Irradiate by Vehumet.
 23600 | D:12     | Slain by a freezing wraith

Skill      XL: |  1  2  3  4  5  6  7  8  9 10 11 12 13 14 |
---------------+-------------------------------------------+-----
Stealth        | 3 4 5 6 |  6.6
Fire Magic     | 4 5 6 7 8 9 10 11 | 11.3
Conjurations   | 2 3 5 6 7 8 9 10 | 10.9
Spellcasting   | 3 4 5 7 8 10 11 12 13 | 13.0
Fighting       | 1 2 3 |  3.3
Short Blades   | 1 2 3 4 5 |  5.4
Dodging        | 3 4 5 6 |  6.1
Ice Magic      | 1 |  1.3
Poison Magic   | 1 4 6 7 |  7.8
Evocations     | 1 |  1.5
Shields        | 2 4 |  4.3
Air Magic      | 3 5 |  5.3
Charms         | 2 4 |  4.9
Translocations | 2 |  2.5
Maces & Flails | 1 |  1.5
Necromancy     | |  0.8

Action                   |  1- 3 |  4- 6 |  7- 9 | 10-12 | 13-15 || total
-------------------------+-------+-------+-------+-------+-------++-------
Melee: Mace              |     5 |     7 |       |       |       ||    12
       Constrict         |     2 |     7 |    23 |    27 |    30 ||    89
       Tentacles         |     2 |     3 |    13 |    30 |    37 ||    85
       Short sword       |       |    31 |    88 |   160 |   193 ||   472
       Kick              |       |       |    14 |    46 |    50 ||   110
       Whip              |       |       |       |       |     7 ||     7
 Cast: Flame Tongue      |    44 |   120 |   192 |   209 |    71 ||   636
       Throw Flame       |     7 |     7 |    36 |    43 |    17 ||   110
       Sticky Flame      |       |       |     8 |    48 |    50 ||   106
       Conjure Flame     |       |       |    14 |    25 |     4 ||    43
       Fireball          |       |       |     2 |    40 |    98 ||   140
       Throw Frost       |       |       |       |     6 |       ||     6
       Magic Dart        |       |       |       |     4 |       ||     4
       Olgreb's Toxic Ra |       |       |       |    18 |    66 ||    84
       Iskenderun's Myst |       |       |       |     7 |    48 ||    55
       Blink             |       |       |       |       |    13 ||    13
       Mephitic Cloud    |       |       |       |       |     8 ||     8
       Regeneration      |       |       |       |       |     7 ||     7
       Deflect Missiles  |       |       |       |       |     2 ||     2
Evoke: Wand              |       |       |       |     8 |     1 ||     9
       Lightning rod     |       |       |       |       |     6 ||     6
  Use: Potion            |       |     1 |    12 |     1 |     7 ||    21
       Scroll            |       |       |    11 |    12 |    12 ||    35
 Stab: Sleeping          |     1 |     3 |     8 |     1 |       ||    13
       Confused          |       |       |       |       |     3 ||     3
  Eat: Chunk             |     2 |     7 |    13 |    29 |    21 ||    72
       Ration            |       |       |     1 |     2 |     5 ||     8
Armor: Skin              |       |     8 |    27 |    29 |    36 ||   100
Dodge: Dodged            |    15 |    52 |    60 |   123 |   202 ||   452
       Deflected         |       |       |       |       |     2 ||     2
Block: Buckler           |       |       |       |    16 |    41 ||    57
